 Dungeon Crawl Stone Soup version 0.26.0-10-g1f06aea511 (webtiles) character file.

Game seed: 1267331885801061725

35 funkygono the Gusty (level 3, 0/26 HPs)
             Began as a Draconian Air Elementalist on Jan 21, 2021.
             Killed by nerve-wracking pain
             ... invoked by Jessica
              (14 damage)
             ... on level 2 of the Dungeon.
             The game lasted 00:02:56 (1841 turns).

funkygono the Gusty (Draconian Air Elementalist)    Turns: 1841, Time: 00:02:57

Health: 0/26       AC:  5    Str: 10    XL:     3   Next: 17%
Magic:  0/6        EV: 12    Int: 16    God:
Gold:   65         SH:  0    Dex: 11    Spells: 3/6 levels left

rFire    . . .     SeeInvis .   d - +0 whip
rCold    . . .     Faith    +   (no shield)
rNeg     . . .     Spirit   .   (armour unavailable)
rPois    .         Reflect  .   (helmet restricted)
rElec    .         Harm     .   (no cloak)
rCorr    .         Rampage  .   (no gloves)
Will     .....                  (no boots)
Stlth    ++........             e - amulet of faith
HPRegen  0.08/turn              (no ring)
MPRegen  0.10/turn              (no ring)

@: no status effects
A: unfitting armour, cold-blooded, AC +5
a: no special abilities


You were on level 2 of the Dungeon.
You visited 1 branch of the dungeon, and saw 2 of its levels.

You collected 65 gold pieces.

Inventory:

Hand Weapons
 d - a +0 whip (weapon)
Jewellery
 e - an amulet of faith (around neck)
Scrolls
 h - a scroll of remove curse {unknown}
Potions
 a - a potion of lignification
 b - a potion of flight {unknown}
 c - 4 potions of heal wounds
 f - a potion of attraction {unknown}
 g - a potion of curing {unknown}
 i - a potion of might {unknown}
 j - a potion of brilliance {unknown}


   Skills:
 + Level 1.8 Dodging
 + Level 2.1 Stealth
 * Level 2.3 Spellcasting
 * Level 1.5 Conjurations
 * Level 3.6 Air Magic


You had 3 spell levels left.
You knew the following spells:

 Your Spells              Type           Power        Failure   Level
a - Shock                 Conj/Air       40%          7%          1
b - Swiftness             Air            13%          7%          2

Your spell library contained the following spells:

 Spells                   Type           Power        Failure   Level
 Static Discharge         Conj/Air       10%          22%         3
 Airstrike                Air            6%           41%         4
 Lightning Bolt           Conj/Air       5%           89%         5


Dungeon Overview and Level Annotations

Branches:
Dungeon (2/15)

Altars:

Annotations:
D:2 Jessica


Innate Abilities, Weirdness & Mutations

Your plain brown scales are hard. (AC +5)
You cannot fit into any form of body armour.
You are cold-blooded and may be slowed by cold attacks.


Message History

Press: ? - help, Shift-Dir - straight line, f/p - Jessica
Aim: Jessica, wielding a -1 dagger and wearing a +0 robe (severely wounded, fast, unusually resistant, 32% to evade)
The zap hits Jessica.
Jessica completely resists.
Jessica is severely wounded.
Jessica casts a spell.
Jessica blinks!
Jessica hits you but does no damage. Jessica casts a spell at you.
Pain shoots through your body!
Found a club.
You barely miss Jessica.
Jessica is severely wounded.
Jessica barely misses you.
You hit Jessica but do no damage.
Jessica is severely wounded.
Jessica misses you. Jessica gestures at you while chanting.
Pain shoots through your body!
Ouch! That really hurt!
You die...

#.### #).......##...#
#...# ##........####.#
#.#.###.........# #..
#.#..##.........# ##.
...##.....#.........# ##
...$................# #
...?.............†..#####
....................††..##
.........@..........###...
.......>.@..........#####.
............#....#.....###
............###.........#
..........(.# #..........#
..#..!.....# #..........#
#..####.## #...........
#.. ). ##...>.....#
..........#


You could see Jessica (fast, resistant).

Vanquished Creatures
  A dart slug (D:1)
  3 leopard geckos
  A giant cockroach (D:2)
  5 goblins
  3 hobgoblins (D:1)
  A ball python (D:2)
  5 bats
  A frilled lizard (D:2)
  3 kobolds
  8 rats
31 creatures vanquished.

Notes
Turn   | Place    | Note
-------+----------+-------------------------------------------
     0 | D:1      | funkygono the Draconian Air Elementalist began the quest
                  | for the Orb.
     0 | D:1      | Reached XP level 1. HP: 14/14 MP: 3/3
   288 | D:1      | Reached XP level 2. HP: 20/20 MP: 3/5
   291 | D:1      | Learned a level 2 spell: Swiftness
  1613 | D:2      | Reached XP level 3. HP: 26/26 MP: 3/6
  1827 | D:2      | Noticed Jessica
  1841 | D:2      | Killed from afar by Jessica

Illustrated notes

Levels and vault maps discovered:
D:1:      lightli_arrival_flooded_house, layout_basic
D:2:      layout_rooms, uniq_crazy_yiuf_cottage, uniq_jessica

Skill      XL: |  1  2 |
---------------+-------+-----
Stealth        | 2 |  2.1
Dodging        | |  1.8
Spellcasting   | |  2.3
Conjurations   | |  1.5
Air Magic      | |  3.6

Action                   || total
-------------------------++-------
Melee: Whip              ||    12
       Tailslap          ||     1
 Cast: Shock             ||    74
  Use: Scroll            ||     4
Armor: Skin              ||    13
Dodge: Dodged            ||    20
